 Dungeon Crawl Stone Soup version 0.21-a0-404-g291f19a (webtiles) character file.

7 dwormar the Conjurer (level 1, -2/7 HPs)
             Began as a Felid Conjurer on Oct 30, 2017.
             Slain by a goblin
             ... wielding a +0 club
              (4 damage)
             ... on level 2 of the Dungeon.
             The game lasted 00:12:00 (780 turns).

dwormar the Conjurer (Felid Conjurer)                Turns: 780, Time: 00:12:01

Health: -2/7       AC:  1    Str:  4    XL:     1   Next: 83%
Magic:  4/4        EV: 18    Int: 16    God:
Gold:   21         SH:  0    Dex: 16    Spells: 3/4 levels left
                                        Lives:  0   Deaths: 0

rFire    . . .     SeeInvis +   (weapon unavailable)
rCold    . . .     Gourm    .   (shield unavailable)
rNeg     . . .     Faith    .   (armour unavailable)
rPois    .         Spirit   .   (helmet unavailable)
rElec    .         Reflect  .   (cloak unavailable)
rCorr    .         Harm     .   (gloves unavailable)
MR       .....                  (boots unavailable)
Stlth    +++.......             (no amulet)
HPRegen  0.02/turn              (no ring)
MPRegen  0.09/turn              (no ring)

@: quick
A: no armour, no weapons or thrown items, stealth, claws 1, fangs 3, see
invisible, carnivore 3, speed 1, shaggy fur 1, slow metabolism 1, sharp paws
a: no special abilities


You were on level 2 of the Dungeon.
You were not hungry.

You visited 1 branch of the dungeon, and saw 2 of its levels.

You collected 21 gold pieces.

Inventory:

Books
 a - a book of Conjurations

   Spells                             Type                      Level
   a - Magic Dart                     Conjuration                  1
   b - Searing Ray                    Conjuration                  2
   c - Dazzling Spray                 Conjuration/Hexes            3
   d - Fulminant Prism                Conjuration/Hexes            4
   e - Force Lance                    Conjuration/Translocation    4
   f - Iskenderun's Mystic Blast      Conjuration                  4
Comestibles
 b - a meat ration
 c - 5 fruits


   Skills:
 + Level 2.8 Dodging
 + Level 2.7 Stealth
 + Level 0.1 Unarmed Combat
 + Level 2.1 Spellcasting
 + Level 3.8 Conjurations


You had 3 spell levels left.
You knew the following spells:

 Your Spells              Type           Power        Failure   Level  Hunger
a - Magic Dart            Conj           ##..         4%          1    #......


Dungeon Overview and Level Annotations

Branches:
Dungeon (2/15)

Altars:


Innate Abilities, Weirdness & Mutations

You cannot wear armour.
You are incapable of wielding weapons or throwing items.
Your paws allow you to move quietly. (Stealth)
You have sharp claws.
You have razor-sharp teeth.
You have supernaturally acute eyesight. (SInv)
You are carnivorous and can eat meat at any time.
You cover ground quickly.
You are covered in fur. (AC +1)
You have a slow metabolism.
Your sharp claws are effective at attacking unaware monsters.


Message History

You now have 21 gold pieces (gained 12).
The goblin closely misses you. The goblin hits you with a club.
The goblin misses you. The goblin closely misses you.
You scratch the goblin.
The goblin is moderately wounded.
The goblin hits you with a club.
* * * LOW HITPOINT WARNING * * *
You closely miss the goblin.
The goblin is moderately wounded.
The goblin misses you.
You completely miss the goblin.
The goblin is moderately wounded.
The goblin closely misses you.
You barely miss the goblin.
The goblin is moderately wounded.
The goblin hits you with a club.
Ouch! That really hurt!
You die...

.# .# .# #.#
##### #.# #...#
#.#
#.@.#######.#
##.g.##......##
#.............#
#.............#
#.............#
#.............#
#.............#
#.............#
#.............#


You could see a goblin.

Vanquished Creatures
  A dart slug (D:1)
  2 bats (D:1)
  A kobold (D:1)
4 creatures vanquished.

Vanquished Creatures (others)
  8 toadstools (D:2)
8 creatures vanquished.

Grand Total: 12 creatures vanquished

Notes
Turn   | Place    | Note
-------+----------+-------------------------------------------
     0 | D:1      | dwormar the Felid Conjurer began the quest for the Orb.
     0 | D:1      | Reached XP level 1. HP: 7/7 MP: 4/4
   780 | D:2      | Slain by a goblin

Vault maps used:
D:1:      evilmike_arrival_hilbert_curve
D:2:      cheibrodos_fertilizer

Action                   || total
-------------------------++-------
Melee: Unarmed           ||    33
       Bite              ||     3
Armor: Skin              ||    11
Dodge: Dodged            ||    62

Table legend:
 A = Spawn XP
 B = Non-spawn XP
 C = Spawn XP percentage of total XP
 D = Spawn monster count
 E = Non-spawn monster count
 F = Spawn count percentage of total count
 G = Total turns spent on level
                    A         B        C        D         E        F      G
               +---------+---------+-------+---------+---------+-------+---------
         Total |       0 |      10 |   0.0 |       0 |       4 |   0.0 |   780
               +---------+---------+-------+---------+---------+-------+---------
           D:1 |       0 |      10 |   0.0 |       0 |       4 |   0.0 |   670
               +---------+---------+-------+---------+---------+-------+---------
